General information
- name: BNet
- type: Ladder team game (AT/RT)
- host: Battle.net
- saver: kteerhtew
map: Deadlands
- players: 8
- length: 35:25
- speed: Fast
- version: 1.26 W3XP
- replay type: Public
» download(227 KB)
Players
team 1 (winner)

»
uzzE (
orange | 58 APM | 2036 actions | 35:10)
4 Keeper of the Grove
2 Entangling Roots
2 Thorns Aura
3 Priestess of the Moon
2 Trueshot Aura
1 Searing Arrows
3 Dark Ranger
2 Silence
1 Black Arrow
» actions
| Assign group hotkey | 104 | |
| Basic commands | 2 | |
| Build / train | 95 | |
| ESC pressed | 5 | |
| Enter build submenu | 27 | |
| Enter hero's abilities submenu | 10 | |
| Give item / drop item | 3 | |
| Right click | 949 | |
| Select / deselect | 287 | |
| Select group hotkey | 501 | |
| Use ability | 53 | |
2036 total
» units
| Wisp | 28 | |
| Huntress | 8 | |
| Chimaera | 4 | |
| Hippogryph | 15 | |
| Goblin Shredder | 1 | |
56 total
» upgrades
| Strength of the Wild | 3 | |
| Reinforced Hides | 4 | |
| Nature's Blessing | 1 | |
| Well Spring | 1 | |
| Corrosive Breath | 1 | |
| Ultravision | 1 | |
11 total
» buildings
| Altar of Elders | 1 | |
| Moon Well | 8 | |
| Hunter's Hall | 1 | |
| Ancient of War | 1 | |
| Ancient of Wonders | 1 | |
| Tree of Ages | 2 | |
| Tree of Life | 3 | |
| Ancient Protector | 5 | |
| Ancient of Wind | 1 | |
| Tree of Eternity | 1 | |
| Chimaera Roost | 3 | |
27 total
» build order
00:09 Altar of Elders
00:17 Moon Well
01:07 Hunter's Hall
01:39 Ancient of War
02:13 Moon Well
02:40 Ancient of Wonders
03:45 Tree of Ages
03:46 Tree of Ages
04:09 Moon Well
06:55 Tree of Life
07:07 Ancient Protector
07:27 Ancient Protector
07:38 Ancient Protector
07:49 Ancient Protector
09:31 Ancient of Wind
09:33 Tree of Eternity
11:52 Moon Well
12:02 Chimaera Roost
12:08 Chimaera Roost
12:11 Chimaera Roost
14:01 Moon Well
15:07 Moon Well
15:17 Ancient Protector
17:22 Moon Well
17:50 Moon Well
22:32 Tree of Life
22:39 Tree of Life
» items
| Scroll of Regeneration | 1 | |
| Scroll of Town Portal | 1 | |
| Orb of Lightning | 1 | |
| Boots of Speed | 1 | |
| Periapt of Vitality | 1 | |
| Circlet of Nobility | 1 | |
| Potion of Lesser Invulnerability | 1 | |
7 total

»
BongRipOneSec (
yellow | 44 APM | 1314 actions | 30:02)
2 Shadow Hunter
1 Hex
1 Healing Wave
3 Tauren Chieftain
1 War Stomp
2 Endurance Aura
1 Far Seer
1 Chain Lighting
» actions
| Assign group hotkey | 94 | |
| Basic commands | 60 | |
| Build / train | 68 | |
| Enter build submenu | 33 | |
| Enter hero's abilities submenu | 6 | |
| Remove unit from queue | 1 | |
| Right click | 248 | |
| Select / deselect | 312 | |
| Select group hotkey | 432 | |
| Use ability | 60 | |
1314 total
» units
| Peon | 14 | |
| Grunt | 12 | |
| Troll Headhunter/Berserker | 1 | |
| Shaman | 9 | |
| Tauren | 9 | |
45 total
» upgrades
| Berserker Strength | 1 | |
| Armor | 2 | |
| Shaman Training | 2 | |
| Pillage | 1 | |
| Spiked Barricades | 1 | |
| Melee Weapons | 1 | |
| Pulverize | 1 | |
| Berserker Upgrade | 1 | |
10 total
» buildings
| Orc Burrow | 16 | |
| Altar of Storms | 3 | |
| Barracks | 1 | |
| War Mill | 1 | |
| Voodoo Lounge | 1 | |
| Watch Tower | 4 | |
| Stronghold | 1 | |
| Fortress | 1 | |
| Spirit Lodge | 1 | |
| Tauren Totem | 1 | |
| Great Hall | 2 | |
32 total
» build order
00:09 Orc Burrow
00:15 Altar of Storms
01:04 Barracks
01:40 Orc Burrow
01:43 War Mill
02:30 Voodoo Lounge
03:06 Watch Tower
03:13 Watch Tower
04:01 Stronghold
04:26 Orc Burrow
06:11 Orc Burrow
07:03 Fortress
07:25 Spirit Lodge
08:47 Orc Burrow
10:33 Tauren Totem
12:00 Orc Burrow
13:11 Great Hall
13:38 Orc Burrow
14:41 Watch Tower
14:48 Watch Tower
21:11 Orc Burrow
21:16 Orc Burrow
21:20 Orc Burrow
21:24 Orc Burrow
22:28 Orc Burrow
23:25 Orc Burrow
25:44 Altar of Storms
25:48 Orc Burrow
25:51 Altar of Storms
25:54 Orc Burrow
25:57 Orc Burrow
27:44 Great Hall
» items
CloudDancer (
blue | 54 APM | 1912 actions | 35:25)
6 Archmage
3 Summon Water Elemental
2 Brilliance Aura
1 Mass Teleport
» actions
| Assign group hotkey | 248 | |
| Basic commands | 184 | |
| Build / train | 82 | |
| Enter build submenu | 48 | |
| Enter hero's abilities submenu | 6 | |
| Give item / drop item | 7 | |
| Right click | 572 | |
| Select / deselect | 353 | |
| Select group hotkey | 250 | |
| Use ability | 162 | |
1912 total
» units
| Peasant | 13 | |
| Footman | 4 | |
| Goblin Shredder | 1 | |
| Gryphon Rider | 8 | |
26 total
» upgrades
| Masonry | 3 | |
| Storm Hammers | 1 | |
| Cloud | 1 | |
| Swords | 3 | |
| Armor | 4 | |
| Animal War Training | 1 | |
| Gunpowder | 3 | |
| Plating | 3 | |
| Barrage | 1 | |
| Fragmentation Shards | 1 | |
| Flare | 1 | |
| Flak Cannons | 1 | |
| Flying Machine Bombs | 1 | |
24 total
» buildings
| Altar of Kings | 1 | |
| Barracks | 1 | |
| Farm | 10 | |
| Arcane Vault | 1 | |
| Keep | 1 | |
| Town Hall | 1 | |
| Lumber Mill | 1 | |
| Castle | 1 | |
| Scout Tower | 37 | |
| Guard Tower | 6 | |
| Gryphon Aviary | 4 | |
| Blacksmith | 3 | |
| Workshop | 4 | |
71 total
» build order
00:49 Altar of Kings
00:52 Barracks
00:54 Farm
01:04 Farm
01:19 Farm
01:27 Farm
03:06 Arcane Vault
03:53 Keep
04:19 Town Hall
04:42 Lumber Mill
06:29 Castle
06:38 Scout Tower
06:40 Scout Tower
06:42 Scout Tower
06:45 Scout Tower
06:46 Scout Tower
07:14 Guard Tower
07:50 Gryphon Aviary
07:50 Gryphon Aviary
07:51 Gryphon Aviary
07:51 Gryphon Aviary
07:55 Blacksmith
07:58 Blacksmith
08:01 Blacksmith
09:06 Farm
09:50 Scout Tower
09:50 Scout Tower
09:51 Scout Tower
09:53 Scout Tower
09:53 Scout Tower
13:50 Guard Tower
13:58 Scout Tower
13:59 Scout Tower
14:00 Scout Tower
14:01 Scout Tower
14:01 Scout Tower
14:03 Scout Tower
14:04 Scout Tower
14:05 Scout Tower
14:06 Scout Tower
14:08 Scout Tower
14:09 Scout Tower
14:10 Scout Tower
14:12 Scout Tower
14:13 Scout Tower
14:14 Scout Tower
14:15 Scout Tower
14:16 Scout Tower
14:16 Scout Tower
14:16 Scout Tower
14:16 Scout Tower
14:17 Scout Tower
14:17 Scout Tower
14:17 Scout Tower
14:18 Scout Tower
14:18 Scout Tower
14:19 Scout Tower
15:36 Guard Tower
17:21 Guard Tower
18:54 Guard Tower
19:20 Guard Tower
21:40 Workshop
21:40 Workshop
21:41 Workshop
21:44 Workshop
24:06 Farm
24:06 Farm
24:07 Farm
24:07 Farm
24:07 Farm
» items
| Scroll of Town Portal | 5 | |
| Mechanical Critter | 2 | |
| Potion of Healing | 1 | |
| Healing Salve | 1 | |
| Orb of Lightning | 1 | |
| Periapt of Vitality | 1 | |
| Staff of Teleportation | 1 | |
| Potion of Lesser Invulnerability | 1 | |
| Boots of Speed | 1 | |
| Scroll of Regeneration | 2 | |
| Staff of Sanctuary | 1 | |
17 total
DRAYENDODSODO (
purple | 53 APM | 1890 actions | 35:25)
7 Blood Mage
3 Banish
3 Flame Strike
1 Summon Phoenix
» actions
| Assign group hotkey | 31 | |
| Basic commands | 110 | |
| Build / train | 107 | |
| Enter build submenu | 22 | |
| Enter hero's abilities submenu | 7 | |
| Give item / drop item | 5 | |
| Remove unit from queue | 2 | |
| Right click | 640 | |
| Select / deselect | 253 | |
| Select group hotkey | 571 | |
| Use ability | 142 | |
1890 total
» units
| Peasant | 17 | |
| Footman | 5 | |
| Gryphon Rider | 2 | |
| Sorceress | 6 | |
| Dragonhawk Rider | 3 | |
| Goblin Sapper | 10 | |
43 total
» upgrades
| Lumber Harvesting | 2 | |
| Masonry | 3 | |
| Sorceress Training | 2 | |
| Storm Hammers | 1 | |
| Cloud | 1 | |
| Animal War Training | 1 | |
| Swords | 2 | |
| Armor | 2 | |
14 total
» buildings
| Altar of Kings | 1 | |
| Barracks | 1 | |
| Farm | 10 | |
| Scout Tower | 20 | |
| Lumber Mill | 1 | |
| Arcane Vault | 2 | |
| Arcane Tower | 1 | |
| Keep | 1 | |
| Town Hall | 1 | |
| Guard Tower | 15 | |
| Castle | 1 | |
| Gryphon Aviary | 3 | |
| Arcane Sanctum | 1 | |
| Blacksmith | 1 | |
59 total
» build order
00:06 Altar of Kings
00:20 Barracks
00:35 Farm
00:50 Farm
01:28 Farm
01:34 Scout Tower
01:55 Lumber Mill
02:22 Arcane Vault
02:58 Arcane Tower
03:25 Farm
04:20 Keep
04:40 Town Hall
04:43 Scout Tower
05:23 Scout Tower
05:23 Scout Tower
05:24 Scout Tower
06:06 Guard Tower
06:19 Guard Tower
06:27 Arcane Vault
06:41 Scout Tower
06:42 Scout Tower
07:16 Guard Tower
07:50 Guard Tower
08:39 Castle
09:23 Gryphon Aviary
09:23 Gryphon Aviary
09:24 Gryphon Aviary
10:42 Scout Tower
10:43 Scout Tower
10:43 Scout Tower
10:43 Scout Tower
10:44 Scout Tower
10:44 Scout Tower
11:25 Guard Tower
12:06 Guard Tower
12:06 Guard Tower
12:17 Guard Tower
12:17 Guard Tower
12:19 Scout Tower
12:20 Scout Tower
12:20 Scout Tower
12:20 Scout Tower
12:48 Guard Tower
13:17 Guard Tower
13:20 Scout Tower
13:21 Scout Tower
13:39 Arcane Sanctum
14:07 Guard Tower
14:10 Farm
14:11 Farm
14:12 Farm
14:13 Farm
15:17 Farm
15:17 Farm
16:16 Blacksmith
» items
| Scroll of Regeneration | 5 | |
| Ivory Tower | 3 | |
| Potion of Mana | 3 | |
| Potion of Invisibility | 5 | |
| Staff of Teleportation | 1 | |
| Lesser Clarity Potion | 1 | |
| Potion of Healing | 2 | |
| Scroll of Town Portal | 2 | |
22 total
team 2 (loser)
shaqiri (
pink | 89 APM | 1710 actions | 19:11)
4 Lich
2 Frost Nova
2 Frost Armor
2 Dark Ranger
1 Silence
1 Life Drain
1 Death Knight
1 Death Coil
» actions
| Assign group hotkey | 207 | |
| Basic commands | 6 | |
| Build / train | 91 | |
| ESC pressed | 8 | |
| Enter build submenu | 33 | |
| Enter hero's abilities submenu | 8 | |
| Right click | 762 | |
| Select / deselect | 325 | |
| Select group hotkey | 197 | |
| Use ability | 70 | |
1710 total
» units
| Acolyte | 25 | |
| Ghoul | 10 | |
| Crypt Fiend | 7 | |
42 total
» upgrades
| Creature Attack | 3 | |
| Creature Carapace | 2 | |
| Web | 1 | |
| Burrow | 1 | |
7 total
» buildings
| Ziggurat | 18 | |
| Crypt | 2 | |
| Altar of Darkness | 1 | |
| Graveyard | 1 | |
| Halls of the Dead | 4 | |
| Spirit Tower | 12 | |
| Nerubian Tower | 6 | |
| Black Citadel | 5 | |
| Sacrificial Pit | 2 | |
| Tomb of Relics | 1 | |
52 total
» build order
00:35 Ziggurat
00:37 Crypt
00:53 Altar of Darkness
01:08 Ziggurat
03:04 Graveyard
03:07 Crypt
03:42 Ziggurat
05:58 Halls of the Dead
05:58 Halls of the Dead
05:58 Halls of the Dead
06:14 Ziggurat
06:16 Ziggurat
06:57 Ziggurat
06:59 Ziggurat
07:08 Spirit Tower
07:36 Ziggurat
07:40 Ziggurat
07:57 Spirit Tower
08:06 Spirit Tower
08:33 Nerubian Tower
08:34 Spirit Tower
08:35 Nerubian Tower
08:35 Nerubian Tower
08:38 Spirit Tower
08:38 Black Citadel
08:44 Black Citadel
08:44 Black Citadel
08:44 Black Citadel
10:25 Ziggurat
10:27 Ziggurat
10:28 Ziggurat
10:30 Sacrificial Pit
11:23 Spirit Tower
11:25 Nerubian Tower
11:25 Nerubian Tower
11:57 Tomb of Relics
12:01 Ziggurat
12:04 Ziggurat
12:06 Ziggurat
12:57 Sacrificial Pit
13:00 Spirit Tower
13:02 Nerubian Tower
13:09 Ziggurat
13:13 Ziggurat
15:22 Spirit Tower
15:26 Ziggurat
» items
| Rod of Necromancy | 1 | |
| Scroll of Town Portal | 1 | |
2 total

»
Rick.Grimes (
green | 74 APM | 1675 actions | 22:46)
5 Keeper of the Grove
3 Entangling Roots
2 Thorns Aura
1 Priestess of the Moon
1 Searing Arrows
» actions
| Assign group hotkey | 76 | |
| Basic commands | 8 | |
| Build / train | 73 | |
| ESC pressed | 1 | |
| Enter build submenu | 18 | |
| Enter hero's abilities submenu | 6 | |
| Right click | 517 | |
| Select / deselect | 249 | |
| Select group hotkey | 675 | |
| Use ability | 52 | |
1675 total
» units
| Wisp | 18 | |
| Archer | 19 | |
| Hippogryph | 5 | |
| Chimaera | 1 | |
43 total
» upgrades
| Improved Bows | 1 | |
| Hippogryph Taming | 1 | |
| Strength of the Moon | 2 | |
| Moon Armor | 2 | |
| Marksmanship | 1 | |
| Druid of the Talon Training | 1 | |
| Nature's Blessing | 1 | |
| Corrosive Breath | 1 | |
10 total
» buildings
| Moon Well | 6 | |
| Altar of Elders | 1 | |
| Ancient of War | 2 | |
| Tree of Ages | 1 | |
| Hunter's Hall | 1 | |
| Ancient of Wonders | 1 | |
| Ancient of Wind | 2 | |
| Tree of Eternity | 1 | |
| Tree of Life | 2 | |
| Chimaera Roost | 2 | |
19 total
» build order
00:29 Moon Well
00:50 Altar of Elders
01:04 Ancient of War
01:26 Moon Well
01:49 Ancient of War
02:23 Moon Well
03:09 Moon Well
05:44 Tree of Ages
05:47 Hunter's Hall
06:03 Ancient of Wonders
08:55 Ancient of Wind
08:57 Ancient of Wind
13:05 Tree of Eternity
14:23 Tree of Life
15:25 Moon Well
15:28 Moon Well
16:51 Chimaera Roost
16:55 Chimaera Roost
21:37 Tree of Life
» items
| Potion of Healing | 3 | |
| Scroll of Town Portal | 1 | |
| Orb of Venom | 1 | |
| Anti-magic Potion | 2 | |
7 total
she_male_black (
red | 51 APM | 1078 actions | 21:06)
4 Death Knight
2 Death Coil
2 Unholy Aura
» actions
| Assign group hotkey | 57 | |
| Basic commands | 35 | |
| Build / train | 30 | |
| Enter build submenu | 9 | |
| Enter hero's abilities submenu | 4 | |
| Give item / drop item | 2 | |
| Right click | 310 | |
| Select / deselect | 131 | |
| Select group hotkey | 438 | |
| Use ability | 62 | |
1078 total
» units
| Acolyte | 7 | |
| Ghoul | 2 | |
| Crypt Fiend | 8 | |
17 total
» upgrades
| Creature Attack | 1 | |
| Creature Carapace | 2 | |
| Web | 1 | |
4 total
» buildings
| Ziggurat | 4 | |
| Altar of Darkness | 1 | |
| Crypt | 1 | |
| Graveyard | 1 | |
| Tomb of Relics | 1 | |
| Halls of the Dead | 1 | |
9 total
» build order
03:12 Ziggurat
03:18 Altar of Darkness
03:32 Crypt
03:55 Graveyard
04:11 Tomb of Relics
04:28 Ziggurat
05:15 Ziggurat
07:02 Ziggurat
08:27 Halls of the Dead
» items
| Rod of Necromancy | 2 | |
| Dust of Appearance | 1 | |
3 total
kteerhtew (
teal | 94 APM | 3343 actions | 35:25)
10 Archmage
3 Summon Water Elemental
3 Brilliance Aura
1 Mass Teleport
3 Blizzard
» actions
| Assign group hotkey | 101 | |
| Basic commands | 58 | |
| Build / train | 128 | |
| ESC pressed | 5 | |
| Enter build submenu | 50 | |
| Enter hero's abilities submenu | 11 | |
| Give item / drop item | 18 | |
| Remove unit from queue | 1 | |
| Right click | 1365 | |
| Select / deselect | 347 | |
| Select group hotkey | 950 | |
| Use ability | 309 | |
3343 total
» units
| Peasant | 18 | |
| Footman | 5 | |
| Gryphon Rider | 3 | |
| Goblin Shredder | 1 | |
| Goblin Zeppelin | 3 | |
| Dragonhawk Rider | 6 | |
| Goblin Sapper | 1 | |
| Knight | 1 | |
38 total
» upgrades
| Masonry | 3 | |
| Swords | 4 | |
| Armor | 4 | |
| Lumber Harvesting | 1 | |
| Animal War Training | 1 | |
| Storm Hammers | 1 | |
| Cloud | 1 | |
15 total
» buildings
| Altar of Kings | 1 | |
| Barracks | 1 | |
| Farm | 11 | |
| Lumber Mill | 1 | |
| Arcane Vault | 1 | |
| Town Hall | 1 | |
| Keep | 3 | |
| Scout Tower | 10 | |
| Guard Tower | 21 | |
| Blacksmith | 1 | |
| Castle | 2 | |
| Gryphon Aviary | 4 | |
| Moon Well | 16 | |
73 total
» build order
00:39 Altar of Kings
00:42 Barracks
00:51 Farm
01:05 Farm
01:34 Farm
01:58 Lumber Mill
02:21 Arcane Vault
03:05 Farm
04:06 Town Hall
04:34 Keep
04:34 Keep
04:35 Keep
04:38 Scout Tower
04:40 Scout Tower
04:42 Scout Tower
05:09 Guard Tower
05:10 Guard Tower
05:10 Guard Tower
05:10 Guard Tower
05:11 Guard Tower
05:11 Guard Tower
05:59 Blacksmith
09:23 Castle
09:23 Castle
09:51 Gryphon Aviary
09:52 Gryphon Aviary
10:03 Gryphon Aviary
10:07 Gryphon Aviary
13:12 Scout Tower
13:13 Scout Tower
13:19 Scout Tower
13:22 Scout Tower
13:24 Scout Tower
13:44 Guard Tower
13:45 Guard Tower
13:57 Guard Tower
16:29 Scout Tower
16:30 Scout Tower
16:35 Farm
16:50 Guard Tower
16:50 Guard Tower
17:09 Guard Tower
17:09 Guard Tower
17:47 Farm
17:47 Farm
22:42 Farm
22:44 Farm
22:46 Farm
23:01 Farm
25:09 Moon Well
25:09 Moon Well
25:10 Moon Well
25:11 Moon Well
25:12 Moon Well
25:15 Moon Well
26:42 Moon Well
26:43 Moon Well
26:45 Moon Well
26:45 Moon Well
32:29 Moon Well
32:29 Moon Well
32:30 Moon Well
32:31 Moon Well
32:34 Moon Well
32:37 Moon Well
» items
| Mechanical Critter | 5 | |
| Scroll of Regeneration | 6 | |
| Staff of Teleportation | 1 | |
| Periapt of Vitality | 1 | |
| Potion of Healing | 2 | |
| Scroll of Town Portal | 1 | |
16 total
Chat log
(00:02 / Allies) Rick.Grimes: rush
(00:12 / Allies) kteerhtew: what year is it?
(00:12 / Allies) Rick.Grimes: massing archers to hip riders
(00:23 / Allies) Rick.Grimes: year 2015 AD
(00:24 / All) shaqiri: 2023
(00:30 / Allies) kteerhtew: so, 13 years after the game's release?
(00:34 / Allies) kteerhtew: and you want to rush for a fast win?
(00:39 / Allies) Rick.Grimes: yes
(00:47 / Allies) kteerhtew: lol
(00:56 / All) DRAYENDODSODO: wut is shadow run core
(00:57 / Allies) Rick.Grimes: you wanna tech and then siege slut?
(01:13 / All) CloudDancer: Do you mean shadowrun core rulebook?
(01:44 / Allies) kteerhtew: I'm fine with whatever you noobs want to do
(01:56 / Allies) Rick.Grimes: well
(01:59 / Allies) Rick.Grimes: we have to rush anyways
(02:04 / Allies) shaqiri: no we dont fool
(03:17 / Allies) shaqiri: ur here
(03:18 / Allies) shaqiri: lol
(03:28 / Allies) she_male_black: constipated
(03:40 / Allies) kteerhtew: that would be funny if he came back when you killed his mine
(03:42 / All) DRAYENDODSODO: i call shred
(04:01 / Allies) she_male_black: u guys need me to carry
(04:32 / Allies) kteerhtew: 50 bucks says you just mass fiends with your dk in the same hotkey
(04:44 / Allies) she_male_black: maybe
(05:24 / Allies) Rick.Grimes: i hope that wasn't your critter
(05:29 / Allies) kteerhtew: it was
(05:33 / Allies) kteerhtew: and you're a dick for killing it
(05:34 / Allies) Rick.Grimes: oh well
(05:37 / Allies) kteerhtew: cuz that's annoying as shit
(05:37 / All) DRAYENDODSODO: creeps suck ass
(05:41 / Allies) shaqiri: critter?
(05:43 / Allies) she_male_black: omg animal abuser
(06:25 / Allies) kteerhtew: don't kill these please
(06:27 / Allies) she_male_black: pink wtf
(06:37 / Allies) she_male_black: i creep alone
(06:49 / Allies) shaqiri: hey man doesnt look like it to me
(09:02 / Allies) shaqiri: sorry m8
(09:13 / Allies) shaqiri: why you droppin shit
(09:20 / Allies) kteerhtew: no reason
(09:20 / Allies) shaqiri: wtf
(09:22 / Allies) shaqiri: where pendant
(09:28 / Allies) kteerhtew: huh?
(09:29 / Allies) kteerhtew: what pendant
(09:33 / Allies) shaqiri: where tf did pendant go
(09:38 / Allies) kteerhtew: there is no pendant
(09:41 / Allies) shaqiri: slick nigga
(09:42 / Allies) kteerhtew: what are you talking about lol
(09:43 / Allies) shaqiri: wtf did you do
(09:45 / Allies) shaqiri: why did you waste it
(09:55 / Allies) kteerhtew: watch replay lol
(10:08 / Allies) shaqiri: you dropped
(10:10 / Allies) shaqiri: into abys
(10:14 / Allies) kteerhtew: watch replay
(10:21 / Allies) shaqiri: just tell
(12:01 / Allies) Rick.Grimes: WE
(12:04 / All) Rick.Grimes: well
(12:08 / All) Rick.Grimes: this is a waste of time
(12:14 / Allies) shaqiri: what is?
(12:17 / Allies) Rick.Grimes: this game
(12:20 / Allies) kteerhtew: red
(12:23 / Allies) kteerhtew: you killed my critter
(12:26 / Allies) kteerhtew: at the goblin lab?
(12:28 / Allies) kteerhtew: or did green
(12:35 / Allies) kteerhtew: had to buy this one
(12:46 / Allies) shaqiri: teal
(12:52 / Allies) shaqiri: how did you drop pendant into abyss
(13:02 / Allies) kteerhtew: trade secret
(13:09 / Allies) shaqiri: lolz
(13:17 / Allies) kteerhtew: you can see in the replay though
(13:28 / Allies) kteerhtew: might tell you later in this match
(13:30 / Allies) shaqiri: you drop on the crease?
(14:42 / Allies) kteerhtew: I crept that and you took my flute nigga
(14:49 / Allies) shaqiri: tell me
(14:50 / Allies) shaqiri: :)
(14:51 / Allies) kteerhtew: I'll give you fel stalker for it
(15:23 / Allies) kteerhtew: pink
(15:31 / Allies) shaqiri: yes young one?
(15:33 / Allies) kteerhtew: watch this'
(15:41 / Allies) shaqiri: wtf
(15:43 / Allies) shaqiri: is that
(15:52 / Allies) shaqiri: what you dfo
(16:01 / Allies) kteerhtew: trade secret
(16:02 / Allies) kteerhtew: ;)
(16:04 / Allies) shaqiri: dont tk
(16:05 / Allies) shaqiri: wtf
(16:08 / Allies) kteerhtew: wtf
(16:12 / Allies) kteerhtew: why is red tking me
(16:14 / All) kteerhtew: Red is tking me
(16:15 / All) kteerhtew: wtf?
(16:16 / Allies) shaqiri: oidk
(16:17 / Allies) shaqiri: lol
(16:18 / All) she_male_black: hehehheheh
(16:19 / Allies) kteerhtew: LOL
(16:23 / All) BongRipOneSec: what a pussy
(16:42 / All) CloudDancer: fucking pussies
(16:53 / All) CloudDancer: seriosuly can't go anywhere without all 3?
(16:54 / All) shaqiri: you ran away pussy
(17:00 / All) CloudDancer: mamas boys
(17:31 / Allies) shaqiri: all go
(17:57 / All) shaqiri: Tf is this game
(18:11 / All) CloudDancer: fucking pussies
(18:33 / All) shaqiri: stupidest game ive ever played
(18:37 / All) DRAYENDODSODO: lol
(18:38 / All) kteerhtew: wtf
(18:40 / All) CloudDancer: Fucking pussy slut
(18:41 / All) kteerhtew: how did your shit just die?
(18:43 / All) shaqiri: lol
(18:48 / All) kteerhtew: what happened wtf
(18:52 / All) shaqiri: teal hacking and purple doing that
(18:58 / All) kteerhtew: I'm not hacking
(18:58 / All) DRAYENDODSODO: lawl
(18:58 / All) kteerhtew: LOL
(19:00 / All) Rick.Grimes: red unsummoned all his stuf
(19:05 / All) CloudDancer: take your loss like a man
(19:05 / All) she_male_black: hehehehhe
(19:06 / All) shaqiri: lol
(19:07 / All) CloudDancer: in silence
(19:09 / All) DRAYENDODSODO: WTF
(19:11 / All) CloudDancer: slut
(20:17 / All) kteerhtew: I was going to whisper him how I hacked items out of existence but he logged off
(20:26 / All) she_male_black: hehehehhheheheh
(21:08 / All) CloudDancer: Red is a babyback bitch
(21:28 / Allies) Rick.Grimes: can I have some gold?
(21:48 / Allies) Rick.Grimes: tanks
(21:54 / All) CloudDancer: brb
(22:39 / All) Rick.Grimes: yeah
(22:43 / All) DRAYENDODSODO: DIE RICK
(22:44 / All) Rick.Grimes: purples' maphacker
(22:44 / All) DRAYENDODSODO: DIE
(22:47 / All) DRAYENDODSODO: LOL
(22:49 / All) kteerhtew: LAWL
(22:51 / All) DRAYENDODSODO: i dont even hack
(22:53 / All) kteerhtew: 2 maphackers here
(22:58 / All) kteerhtew: and he guesses the one who isn't
(23:02 / All) DRAYENDODSODO: jesus does everyone hack lawl
(23:03 / All) BongRipOneSec: boring ass game
(23:09 / All) kteerhtew: no it isn't the fun just began
(24:27 / All) kteerhtew: is it more exciting for you now yellow?
(25:01 / All) BongRipOneSec: its pretty easy to win at checkers when you never move your back row
(25:12 / All) DRAYENDODSODO: wut
(25:19 / All) CloudDancer: that is the most inane thing I've ever seen
(27:04 / All) CloudDancer: you can run but you can't hide
(27:06 / All) DRAYENDODSODO: i thought this game was entertaining
(27:09 / All) CloudDancer: sooner or later you gonna die!
(27:53 / All) kteerhtew: Thanks for level 10, orange
(27:56 / All) kteerhtew: Sincerely appreciated
(28:22 / All) BongRipOneSec: blue units are below you
(28:40 / All) BongRipOneSec: blue tking me now
(28:45 / All) BongRipOneSec: your units can take him
(28:50 / All) CloudDancer: get outta here punk
(28:51 / All) BongRipOneSec: 6 gryphs
(29:13 / All) BongRipOneSec: no one coming
(29:15 / All) BongRipOneSec: kill
(29:29 / All) CloudDancer: we run this town!
(29:41 / All) BongRipOneSec: how often do you suck cock blue?
(29:41 / All) DRAYENDODSODO: FOR EDDARD STARK
(29:54 / All) CloudDancer: about as often as you get your dick wet in pussy
(29:55 / All) CloudDancer: never
(30:00 / All) BongRipOneSec: tk you every time
(30:05 / All) CloudDancer: lol
(30:29 / All) kteerhtew: pro peasant surround
(30:36 / All) DRAYENDODSODO: I GOT A HERO LOEVER for killing oj hero
(30:41 / All) kteerhtew: I did not intend that at all so actually it wasn't pro
(30:44 / All) kteerhtew: but it was funny
(30:53 / All) kteerhtew: they tped in, surrounded him, and evaporated in flame strike
(30:57 / All) CloudDancer: beat your feet, get on out!
(31:09 / All) kteerhtew: I liked this game, pink was really funny
(31:31 / All) DRAYENDODSODO: he couldnt have been sincere
(31:46 / All) kteerhtew: pink thought I was hacking items out of existence
(32:03 / All) CloudDancer: your team loses if orange ever gets the smarts to leave
(32:15 / All) kteerhtew: Hear that orange?
(32:18 / All) kteerhtew: leave and you get a win
(32:21 / All) kteerhtew: stay and you get a loss
(34:02 / All) kteerhtew: Orange, stay and you become 58-50
(34:04 / All) DRAYENDODSODO: love tap time
(34:06 / All) kteerhtew: leave and you become 59-49
(35:13 / All) DRAYENDODSODO: am i the only one who has the mindset that we have to do mop up duty every game
(35:15 / All) kteerhtew: my team lose?
(35:23 / All) CloudDancer: yeah